Workbook
Name institucion: Lista!$B$2:$B$14
Name red: Lista!$B$2:$B$14
Name si_no: Lista!$C$2:$C$4

Sheet Lista
B2: 0
B3: 1
B4: 9

Sheet Introduccion
H8: MEDICIÓN DE BUENAS PRÁCTICAS EN PLANIFICACIÓN, SEGUIMIENTO, EVALUACIÓN Y GESTIÓN DEL CONOCIMIENTO
H9: ABP-SEyA V.4.0 - 2021
B12: El Aplicativo ABP-SEyA, es una herramienta que permite identificar el nivel de avance de las buenas prácticas en Planificación, Seguimiento, Evaluación y Gestión del Conocimiento de la institución u organización, incluyendo las brechas entre el desempeño esperado y el desempeño real. Esta información es útil para el análisis de las causas que generan las brechas, y para elaborar el plan de fortalecimiento de capacidades de la organización en seguimiento, evaluación y gestión del conocimiento.
B14: Recomendaciones para su aplicación:
B16: Conformación del equipo para la medición
B18: El equipo debe ser integrado por los actores involucrados en los procesos de planificación, seguimiento, evaluación y gestión del conocimiento de la organización, tanto del nivel gerencial como del nivel técnico-operativo.
B19: Se puede conformar un solo equipo de medición o un equipo por cada área o instancia de la institución que cumplen estas funciones; la decisión depende del tamaño de la organización. La experiencia recomienda trabajar en un solo equipo con actores de las áreas gerenciales y técnicos-operativos.
B21: Medición del desempeño
B22: - Realizar la medición utilizando el Aplicativo. Esta medición puede ser en una reunión técnica y a través de entrevistas, análisis documental u observaciones.
B24: Sobre el aplicativo:
B25: - Está organizado en cuatro funciones: planificación, seguimiento, evaluación y gestión del conocimiento. Incluye también, buenas prácticas relacionadas con los principios y valores éticos.
B26: - Cada función cuenta con un conjunto de buenas prácticas, las mismas que - a su vez- tienen sus respectivos criterios de verificación.
B27: - Algunas buenas prácticas y criterios de verificación incluyen notas aclaratorias que amplían el sentido de éstas, según corresponda.
B28: - En la parte inferior de cada buena práctica existe un recuadro para registrar comentarios que amplíen la observación realizada.
... B33: - Luego, se debe asignar un valor a cada uno de los criterios de verificación, considerando las siguientes opciones:
D34: 0: La institución no cumple el criterio
D35: 1: La institución cumple el criterio
D36: 9: El criterio no es aplicable a la institución (no corresponde o no es pertinente con la naturaleza y funciones de la institución).
B37: - Es importante responder todos los criterios de verificación. Al finalizar, se debe "guardar" el archivo. Los cálculos se realizan automáticamente.
B38: - El aplicativo permite realizar dos mediciones y obtener resultados comparativos. Los resultados de la medición se presentan en la hoja "Resultados".
B39: - Se recomienda realizar la siguiente medición, luego de 6 meses; así se podrán observar los cambios con relación a la medición anterior.
B41: Resultados de la medición:
B42: - Los resultados de la medición se presentan en tablas y gráficos tanto a nivel de funciones como de buenas prácticas.
B43: - La información permite al equipo una lectura clara y ágil del nivel de desempeño de la institución en materia de planificación, seguimiento, evaluación y gestión del conocimiento.
B44: - También permite identificar las brechas de desempeño, orientar el análisis de sus causas y elaborar el respectivo plan de fortalecimiento o desarrollo de capacidades organizacionales.
B45: - El resultado del desempeño se presenta en niveles utilizando las siguientes calificaciones:
E47: Desempeño en la buena práctica (Nivel de avance)
F48: Mínimo: 60% o menos
F49: Intermedio: más del 60% y menos del 80%
F50: Adecuado: 80% a más
B52: NOTA:
B53: - El cálculo de los resultados (tablas y gráficos) es automático.
B54: - El desempeño general de la institución se calcula como promedio del avance de las cuatro funciones.
B55: - El avance de cada función es el promedio de los resultados de las buenas prácticas correspondientes.
B56: - De igual forma, el avance de la buena práctica resulta como promedio del conjunto de los respectivos criterios de verificación.
B57: - Cada criterio de verificación tiene definido un nivel de importancia, según su relevancia entre el conjunto de criterios dentro de cada buena práctica.
B58: - Los niveles de importancia (importante=1; muy importante=1.5; e imprescindible=2) se incorporan en los cálculos, como factores de ponderación.
B60: Las hojas están protegidas por seguridad. Asismismo, hay columnas ocultas con fórmulas que no deben ser borradas.
B61: Si desea adaptar el aplicativo, la clave de acceso es: Abcd1234!!
B63: Créditos: Proyecto Seguimiento, Evaluación y Aprendizaje para la Sostenibilidad (MELS) de USAID.
B64: Marzo 2021.

Sheet Medicion
B2: MEDICIÓN DE BUENAS PRÁCTICAS EN PLANIFICACIÓN, SEGUIMIENTO, EVALUACIÓN Y GESTIÓN DEL CONOCIMIENTO
B4: Referencias | D4: Medición 2 | E4: Medición 2 | F4: Medición 3
B5: Dirección(es) u oficina(s) participantes en la medición del desempeño
B6: Fecha de medición del desempeño
B7: Nombres y cargos de el(los) responsable(s) de la medición del desempeño
A9: PLANIFICACIÓN --> | B9: BP01: La institución cuenta con un área que realiza la función de planificación de planes, programas y proyectos, considerando criterios de calidad y de riesgos. | H9: BP01 | M9: BP01
B10: Criterios de verificación | C10: Fuentes de verificación | D10: Medición 1 | E10: Medición 2 | F10: Medición 3 | I10: Medición 1 | J10: Medición 2 | K10: Medición 3 | M10: Medición 1 | N10: Medición 2 | O10: Medición 3
D11: ¿Cumple con el criterio? | E11: ¿Cumple con el criterio? | F11: ¿Cumple con el criterio? | H11: Nivel de importancia del criterio | I11: Puntaje según cumplimiento del criterio | J11: Puntaje según cumplimiento del criterio | K11: Puntaje según cumplimiento del criterio | L11: Puntaje máximo posible de la buena práctica (solo criterios aplicables) | M11: =SUMIFS(H12:H16,D12:D16,"<9") -> 0 | N11: =SUMIFS(H12:H16,E12:E16,"<9") -> 0 | O11: =SUMIFS(H12:H16,F12:F16,"<9") -> 0
B12: 1.1 La institución ubica al área de planificación en el nivel gerencial o de asesoría de la estructura organizacional. | C12: Organigrama de la institución, Reglamente de Organización y Funciones (ROF) o Manual de Organización y Funciones (MOF). | H12: 1.5 | I12: =D12*$H12 -> 0 | J12: =E12*$H12 -> 0 | K12: =F12*$H12 -> 0 | L12: Puntaje obtenido en la buena práctica | M12: =SUMIFS(I12:I16,D12:D16,"<9") -> 0 | N12: =SUMIFS(J12:J16,E12:E16,"<9") -> 0 | O12: =SUMIFS(K12:K16,F12:F16,"<9") -> 0
B13: 1.2 La institución cuenta con políticas, lineamientos, normas técnicas y procedimientos para la planificación -según corresponda a la naturaleza institucional- que incluyen los enfoques transversales de género, interculturalidad, derechos humanos y medio ambiente. | C13: Manual de procedimientos que se vinculen a la implementación de planes, programas y proyectos de desarrollo; ROF, MOF o documento similar, que explicita las pautas para la función de planificación y los enfoques transversales. | H13: 2 | I13: =D13*$H13 -> 0 | J13: =E13*$H13 -> 0 | K13: =F13*$H13 -> 0 | L13: % de avance de la buena práctica | M13: =IFERROR(M12/M11,"No aplica") -> No aplica | N13: =IFERROR(N12/N11,"No Aplica") -> No Aplica | O13: =IFERROR(O12/O11,"No Aplica") -> No Aplica
B14: 1.3 La institución incorpora criterios de calidad pertinentes -oportunidad, accesibilidad, continuidad, precisión y adaptabilidad a las características y condiciones del entorno- en la planificación de los planes, programas y proyectos y los implementa. | C14: Planes, programas o proyectos o documentos similares | H14: 2 | I14: =D14*$H14 -> 0 | J14: =E14*$H14 -> 0 | K14: =F14*$H14 -> 0
B15: 1.4 La institución incorpora criterios de riesgos y vulnerabilidades- considerando los lineamientos del Sistema Nacional de Gestión de Riesgos de Desastres (SINAGERD) y del Centro Nacional de Planeamiento Estratégico (CEPLAN)- u otros según corresponda; en los planes, programas y proyectos y los implementa. | C15: Planes, marco lógico del programa o proyecto con supuestos o documento similar. | H15: 2 | I15: =D15*$H15 -> 0 | J15: =E15*$H15 -> 0 | K15: =F15*$H15 -> 0
B16: 1.5 La institución cuenta con lineamientos o mecanismos para planificar el cierre de los programas y proyectos. | C16: Documento que explicita los lineamientos o mecanismos de cierre técnico y administrativo de los programas y proyectos. | H16: 2 | I16: =D16*$H16 -> 0 | J16: =E16*$H16 -> 0 | K16: =F16*$H16 -> 0
B17: Comentarios:
B19: BP02: La institución formula y difunde el Plan de Desarrollo Concertado Regional Concertado (PDRC) o documento similar, según los lineamientos del ente rector. | H19: BP02 | M19: BP02
B20: Criterios de verificación | C20: Fuentes de verificación | D20: Medición 1 | E20: Medición 2 | F20: Medición 3 | I20: Medición 1 | J20: Medición 2 | K20: Medición 3 | M20: Medición 1 | N20: Medición 2 | O20: Medición 3
D21: ¿Cumple con el criterio? | E21: ¿Cumple con el criterio? | F21: ¿Cumple con el criterio? | H21: Nivel de importancia del criterio | I21: Puntaje según cumplimiento del criterio | J21: Puntaje según cumplimiento del criterio | K21: Puntaje según cumplimiento del criterio | L21: Puntaje máximo posible de la buena práctica (solo criterios aplicables) | M21: =SUMIFS(H22:H24,D22:D24,"<9") -> 0 | N21: =SUMIFS(H22:H24,E22:E24,"<9") -> 0 | O21: =SUMIFS(H22:H24,F22:F24,"<9") -> 0
B22: 2.1 La Institución cuenta con un PDRC vigente, alineado a la normativa vigente -leyes, políticas y estrategias nacionales)- al Plan Nacional de Desarrollo (PND) y a los Planes Estratégicos Sectoriales Multianuales (PESEM), debidamente contextualizado a la realidad regional. | C22: PDRC o documento similar, vigentes | H22: 2 | I22: =D22*$H22 -> 0 | J22: =E22*$H22 -> 0 | K22: =F22*$H22 -> 0 | L22: Puntaje obtenido en la buena práctica | M22: =SUMIFS(I22:I24,D22:D24,"<9") -> 0 | N22: =SUMIFS(J22:J24,E22:E24,"<9") -> 0 | O22: =SUMIFS(K22:K24,F22:F24,"<9") -> 0
B23: 2.2 La institución difunde y promueve el uso activo del PDRC como instrumento de gestión de referencia para la elaboración de Planes de Desarrollo Local Concertados (PDLC). | C23: Informes de difusión PDLC, POI | H23: 1.5 | I23: =D23*$H23 -> 0 | J23: =E23*$H23 -> 0 | K23: =F23*$H23 -> 0 | L23: % de avance de la buena práctica | M23: =IFERROR(M22/M21,"No aplica") -> No aplica | N23: =IFERROR(N22/N21,"No Aplica") -> No Aplica | O23: =IFERROR(O22/O21,"No Aplica") -> No Aplica
B24: 2.3 La institución cuenta con un consejo de coordinación o instancia similar, encargada de emitir opinión sobre los PDRC, en el marco de Ley de Gobiernos Regionales (Ley No.278767) y los lineamientos y directivas del CEPLAN. | C24: Lineamientos, resoluciones o documentos similares. | H24: 2 | I24: =D24*$H24 -> 0 | J24: =E24*$H24 -> 0 | K24: =F24*$H24 -> 0
B25: Comentarios:
B27: BP03: La Institución cuenta con un Plan Estratégico Institucional (PEI), o documento similar, articulado a las políticas del Estado Nota aclaratoria: El PEI de las instituciones del sector público debe seguir las normas del CEPLAN. En el caso de las instituciones privadas, depende de la norma institucional o de la fuente de cooperación. | H27: BP03 | M27: BP03
B28: Criterios de verificación | C28: Fuentes de verificación | D28: Medición 1 | E28: Medición 2 | F28: Medición 3 | I28: Medición 1 | J28: Medición 2 | K28: Medición 3 | M28: Medición 1 | N28: Medición 2 | O28: Medición 3
D29: ¿Cumple con el criterio? | E29: ¿Cumple con el criterio? | F29: ¿Cumple con el criterio? | H29: Nivel de importancia del criterio | I29: Puntaje según cumplimiento del criterio | J29: Puntaje según cumplimiento del criterio | K29: Puntaje según cumplimiento del criterio | L29: Puntaje máximo posible de la buena práctica (considera solo los criterios considerados como aplicables) | M29: =SUMIFS(H30:H35,D30:D35,"<9") -> 0 | N29: =SUMIFS(H30:H35,E30:E35,"<9") -> 0 | O29: =SUMIFS(H30:H35,F30:F35,"<9") -> 0
B30: 3.1 El PEI, o documento similar, ha sido elaborado de manera participativa con los integrantes de la institución e instancias involucradas, recogiendo sus opiniones. | C30: PEI, documento similar u otro documento que informa el proceso de elaboración del PEI. | H30: 2 | I30: =D30*$H30 -> 0 | J30: =E30*$H30 -> 0 | K30: =F30*$H30 -> 0 | L30: Puntaje obtenido en la buena práctica | M30: =SUMIFS(I30:I35,D30:D35,"<9") -> 0 | N30: =SUMIFS(J30:J35,E30:E35,"<9") -> 0 | O30: =SUMIFS(K30:K35,F30:F35,"<9") -> 0
B31: 3.2 El PEI, o documento similar, responde a un análisis prospectivo, al análisis del entorno del sector o territorio y está articulado a las políticas y lineamientos institucionales*. Nota aclaratoria. *Pueden ser, según corresponda, los Planes Estratégicos Sectoriales Multianuales (PESEM) el Plan Nacional de Desarrollo, los PESEM y el Plan de Desarrollo Concertado (PDRC) | C31: PEI o documento similar u otro documento que incluye el registro de las actividades realizadas con relación al análisis prospectivo y del entorno. | H31: 2 | I31: =D31*$H31 -> 0 | J31: =E31*$H31 -> 0 | K31: =F31*$H31 -> 0 | L31: % de avance de la buena práctica | M31: =IFERROR(M30/M29,"No aplica") -> No aplica | N31: =IFERROR(N30/N29,"No Aplica") -> No Aplica | O31: =IFERROR(O30/O29,"No Aplica") -> No Aplica
B32: 3.3 El PEI, o documento similar, cumple con los contenidos mínimos establecidos en la guía para el planeamiento estratégico institucional establecida por el CEPLAN, o por la institución*, según corresponda. Nota aclaratoria: *Los contenidos mínimos incluyen: declaración de política institucional, misión institucional, objetivos estratégicos institucionales con indicadores y ruta estratégica. | C32: PEI o documento similar. En el PEI, o documento similar existe relación entre la visión, misión, objetivos, metas y acciones. | H32: 2 | I32: =D32*$H32 -> 0 | J32: =E32*$H32 -> 0 | K32: =F32*$H32 -> 0
B33: 3.4 El PEI, o documento similar ha sido formulado tomando en cuenta -según corresponda- los planes y programas de nivel superior conjuntamente con los órganos rectores, en las cuales participa la entidad. Nota Aclaratoria: Pueden ser considerados el PESEM, los programas presupuestales, el PDRC u otros similares, según corresponda a la institución. | C33: PEI o documento similar. PESEM, PDRC u otros instrumentos de gestión similares, según corresponda. | H33: 2 | I33: =D33*$H33 -> 0 | J33: =E33*$H33 -> 0 | K33: =F33*$H33 -> 0
B34: 3.5 El PEI, o documento similar, ha sido difundido y se encuentra disponible para todo el personal de la institución y de los actores involucrados. | C34: Página Web de la institución u otro medio de difusión institucional. | H34: 2 | I34: =D34*$H34 -> 0 | J34: =E34*$H34 -> 0 | K34: =F34*$H34 -> 0
B35: 3.6 La institución realiza una revisión periódica al PEI o documento similar, lo actualiza y difunde, para facilitar la toma de decisiones y la mejora continua. | C35: PEI o documento similar actualizado u otro documento similar que informa el proceso de revisión o actualización de PEI. | H35: 2 | I35: =D35*$H35 -> 0 | J35: =E35*$H35 -> 0 | K35: =F35*$H35 -> 0
B36: Comentarios:
B38: BP04: La institución elabora e implementa un Plan Operativo Institucional (POI) u otro documento similar, articulado al PEI, las políticas y planes nacionales, u otros instrumentos de planificación para el logro de resultados. | H38: BP04 | M38: BP04
B39: Criterios de verificación | C39: Fuentes de verificación | D39: Medición 1 | E39: Medición 2 | F39: Medición 3 | I39: Medición 1 | J39: Medición 2 | K39: Medición 3 | M39: Medición 1 | N39: Medición 2 | O39: Medición 3
D40: ¿Cumple con el criterio? | E40: ¿Cumple con el criterio? | F40: ¿Cumple con el criterio? | H40: Nivel de importancia del criterio | I40: Puntaje según cumplimiento del criterio | J40: Puntaje según cumplimiento del criterio | K40: Puntaje según cumplimiento del criterio | L40: Puntaje máximo posible de la buena práctica (considera solo los criterios considerados como aplicables) | M40: =SUMIFS(H41:H42,D41:D42,"<9") -> 0 | N40: =SUMIFS(H41:H42,E41:E42,"<9") -> 0 | O40: =SUMIFS(H41:H42,F41:F42,"<9") -> 0
B41: 4.1 La institución cuenta con POI anuales o documento similar, aprobados, alineados al PEI, que orientan su accionar en el corto plazo, incluyendo metas físicas articuladas al presupuesto. | C41: POI o documento similar | H41: 2 | I41: =D41*$H41 -> 0 | J41: =E41*$H41 -> 0 | K41: =F41*$H41 -> 0 | L41: Puntaje obtenido en la buena práctica | M41: =SUMIFS(I41:I42,D41:D42,"<9") -> 0 | N41: =SUMIFS(J41:J42,E41:E42,"<9") -> 0 | O41: =SUMIFS(K41:K42,F41:F42,"<9") -> 0
B42: 4.2 La institución implementa activamente el POI, considerando la aplicación de los enfoques transversales de desarrollo. | C42: Informes de evaluación de los POI | H42: 2 | I42: =D42*$H42 -> 0 | J42: =E42*$H42 -> 0 | K42: =F42*$H42 -> 0 | L42: % de avance de la buena práctica | M42: =IFERROR(M41/M40,"No aplica") -> No aplica | N42: =IFERROR(N41/N40,"No Aplica") -> No Aplica | O42: =IFERROR(O41/O40,"No Aplica") -> No Aplica
B43: Comentarios:
B45: BP05: La institución formula e implementa Programas y Proyectos a partir del Plan Estratégico (PEI) o planes sectoriales o territoriales, documento similar, según la naturaleza de la institución. | H45: BP05 | M45: BP05
B46: Criterios de verificación | C46: Fuentes de verificación | D46: Medición 1 | E46: Medición 2 | F46: Medición 3 | I46: Medición 1 | J46: Medición 2 | K46: Medición 3 | M46: Medición 1 | N46: Medición 2 | O46: Medición 3
D47: ¿Cumple con el criterio? | E47: ¿Cumple con el criterio? | F47: ¿Cumple con el criterio? | H47: Nivel de importancia del criterio | I47: Puntaje según cumplimiento del criterio | J47: Puntaje según cumplimiento del criterio | K47: Puntaje según cumplimiento del criterio | L47: Puntaje máximo posible de la buena práctica (considera solo los criterios considerados como aplicables) | M47: =SUMIFS(H48:H56,D48:D56,"<9") -> 0 | N47: =SUMIFS(H48:H56,E48:E56,"<9") -> 0 | O47: =SUMIFS(H48:H56,F48:F56,"<9") -> 0
B48: 5.1 Los programas y proyectos son formulados de manera participativa después de realizar un análisis causal del problema central identificado en la población objetivo, desarrollando una hipótesis de cambio, marco de resultados o similar. | C48: Documento del programa o proyecto, según corresponda, que informa el proceso de elaboración y los participantes. | H48: 2 | I48: =D48*$H48 -> 0 | J48: =E48*$H48 -> 0 | K48: =F48*$H48 -> 0 | L48: Puntaje obtenido en la buena práctica | M48: =SUMIFS(I48:I56,D48:D56,"<9") -> 0 | N48: =SUMIFS(J48:J56,E48:E56,"<9") -> 0 | O48: =SUMIFS(K48:K56,F48:F56,"<9") -> 0
B49: 5.2 Los programas y proyectos han considerado para su formulación por lo menos los criterios de eficacia y eficiencia. Nota aclaratoria: - Eficacia: descripción del cambio que se espera alcanzar. - Eficiencia: análisis de los costos en relación a los objetivos y resultados a alcanzar. | C49: Documento del programa o proyecto , según corresponda, donde se verifican los criterios de eficacia y eficiencia. | H49: 2 | I49: =D49*$H49 -> 0 | J49: =E49*$H49 -> 0 | K49: =F49*$H49 -> 0 | L49: % de avance de la buena práctica | M49: =IFERROR(M48/M47,"No aplica") -> No aplica | N49: =IFERROR(N48/N47,"No Aplica") -> No Aplica | O49: =IFERROR(O48/O47,"No Aplica") -> No Aplica
B50: 5.3 Los programas y proyectos describen su pertinencia, coherencia, viabilidad, impacto y sostenibilidad. | C50: El marco del programa o proyecto, según corresponda, donde se describan los criterios de pertinencia coherencia, viabilidad y sostenibilidad. | H50: 2 | I50: =D50*$H50 -> 0 | J50: =E50*$H50 -> 0 | K50: =F50*$H50 -> 0
B51: 5.4 El fin o propósito de cada uno de los programas y proyectos está alineado a un objetivo estratégico institucional. | C51: Documento del programas o proyecto, según corresponda, y el PEI o documento similar, en el cual se verifica el alineamiento o correspondencia entre el fin o propósito del programa o proyecto y los objetivos estratégicos. | H51: 2 | I51: =D51*$H51 -> 0 | J51: =E51*$H51 -> 0 | K51: =F51*$H51 -> 0
B52: 5.5 Los programas y proyectos cuentan con objetivos, metas y estrategias, articulados entre sí. | C52: Documento del programa o proyecto, según corresponda, en el cual se verifica la articulación entre sí. | H52: 2 | I52: =D52*$H52 -> 0 | J52: =E52*$H52 -> 0 | K52: =F52*$H52 -> 0
B53: 5.6 Los programas y proyectos establecen las metas considerando los plazos y el presupuesto asignados, los cuales se cumplen según lo programado. | C53: Documento del programa o proyecto, según corresponda, con metas, plazos y presupuestos. | H53: 2 | I53: =D53*$H53 -> 0 | J53: =E53*$H53 -> 0 | K53: =F53*$H53 -> 0
B54: 5.7 Los programas y proyectos han sido formulados utilizando el modelo lógico, marco lógico, marco de resultados, u otras teorías de cambio. Nota aclaratoria: Modelos lógicos / teorías de cambio: conjunto de relaciones de causa/efecto entre las acciones que se realizan y los resultados a alcanzar. | C54: Modelo lógico, marco lógico u otras teorías de cambio en el documento del programa o proyecto, según corresponda. | H54: 2 | I54: =D54*$H54 -> 0 | J54: =E54*$H54 -> 0 | K54: =F54*$H54 -> 0
B55: 5.8 La institución utiliza diversos enfoques en la formulación de los programas y proyectos. Nota aclaratoria: El programa y proyecto debe incluir por lo menos alguno de los siguientes enfoques transversales del desarrollo: género, derechos humanos, interculturalidad, generacional, medio ambiente, desarrollo sostenible u otro (Plan Nacional de Desarrollo “Visión del Perú al 2050”. | C55: Documentos, programa o proyecto, según corresponda. Informes de seguimiento y evaluación de los programas o proyectos. | H55: 2 | I55: =D55*$H55 -> 0 | J55: =E55*$H55 -> 0 | K55: =F55*$H55 -> 0
B56: 5.9 La institución aplica guías o estándares nacionales o internacionales, para la elaboración de los indicadores pertinentes al contexto. | C56: Guías o estándares aplicados. | H56: 2 | I56: =D56*$H56 -> 0 | J56: =E56*$H56 -> 0 | K56: =F56*$H56 -> 0
B57: Comentarios:
B59: BP06: La institución elabora Planes de trabajo anuales o Plan Operativo Anual (POA) para cada programa y proyecto que implementa, los cuales están alineados al Plan Estratégico Institucional o documento similar y al presupuesto, según corresponda. | H59: BP06 | M59: BP06
B60: Criterios de verificación | C60: Fuentes de verificación | D60: Medición 1 | E60: Medición 2 | F60: Medición 3 | I60: Medición 1 | J60: Medición 2 | K60: Medición 3 | M60: Medición 1 | N60: Medición 2 | O60: Medición 3
D61: ¿Cumple con el criterio? | E61: ¿Cumple con el criterio? | F61: ¿Cumple con el criterio? | H61: Nivel de importancia del criterio | I61: Puntaje según cumplimiento del criterio | J61: Puntaje según cumplimiento del criterio | K61: Puntaje según cumplimiento del criterio | L61: Puntaje máximo posible de la buena práctica (considera solo los criterios considerados como aplicables) | M61: =SUMIFS(H62:H68,D62:D68,"<9") -> 0 | N61: =SUMIFS(H62:H68,E62:E68,"<9") -> 0 | O61: =SUMIFS(H62:H68,F62:F68,"<9") -> 0
B62: 6.1 En el POA o documentos similares se identifican los bienes y servicios, indicadores y sus metas. | C62: Planes Operativos Anuales de los programas o proyectos o documentos similares, según corresponda. | H62: 2 | I62: =D62*$H62 -> 0 | J62: =E62*$H62 -> 0 | K62: =F62*$H62 -> 0 | L62: Puntaje obtenido en la buena práctica | M62: =SUMIFS(I62:I68,D62:D68,"<9") -> 0 | N62: =SUMIFS(J62:J68,E62:E68,"<9") -> 0 | O62: =SUMIFS(K62:K68,F62:F68,"<9") -> 0
B63: 6.2 En el POA o documentos similares s se identifican y programan los procesos (actividades) necesarios para la producción de bienes y servicios, articulados a los procesos de adquisiciones y contrataciones institucionales. | C63: Planes Operativos Anuales de los programas o proyectos o documentos similares, según corresponda. Plan Anual de Compras de la institución (PAC) | H63: 1.5 | I63: =D63*$H63 -> 0 | J63: =E63*$H63 -> 0 | K63: =F63*$H63 -> 0 | L63: % de avance de la buena práctica | M63: =IFERROR(M62/M61,"No aplica") -> No aplica | N63: =IFERROR(N62/N61,"No Aplica") -> No Aplica | O63: =IFERROR(O62/O61,"No Aplica") -> No Aplica
B64: 6.3 En el POA o documentos similares se identifican a las unidades responsables de la producción de cada uno de los bienes y servicios. | C64: Planes Operativos Anuales de los programas o proyectos o documentos similares, según corresponda. | H64: 1.5 | I64: =D64*$H64 -> 0 | J64: =E64*$H64 -> 0 | K64: =F64*$H64 -> 0
B65: 6.4 El presupuesto incluido en el POA o documentos similares ha sido establecido en función a un costeo de actividades, metas programadas y contempla reservas en caso de contingencias. | C65: Presupuesto del POA o Presupuesto del programa y proyecto, según corresponda. | H65: 2 | I65: =D65*$H65 -> 0 | J65: =E65*$H65 -> 0 | K65: =F65*$H65 -> 0
B66: 6.5 En los POAs o documentos similares se establecen el cronograma de implementación de actividades o procesos. | C66: Cronograma del POAs o documentos similares del programa o proyecto según corresponda. | H66: 1.5 | I66: =D66*$H66 -> 0 | J66: =E66*$H66 -> 0 | K66: =F66*$H66 -> 0
B67: 6.6. Los POAs o documentos similares incluyen análisis e identificación de riesgos y planes de contingencia. | C67: Planes Operativos Anuales o documentos similares de los programas o proyectos, según corresponda. | H67: 1.5 | I67: =D67*$H67 -> 0 | J67: =E67*$H67 -> 0 | K67: =F67*$H67 -> 0
B68: 6.7 La institución asegura el alineamiento entre los objetivos de los programas y proyectos y los recursos financieros requeridos, considerando el presupuesto multianual. | C68: Programa o proyecto Presupuestos Reportes de seguimiento de asignación de recursos. | H68: 2 | I68: =D68*$H68 -> 0 | J68: =E68*$H68 -> 0 | K68: =F68*$H68 -> 0
B69: Comentarios:
A71: SEGUIMIENTO --> | B71: BP07: La institución cuenta con un área que realiza la función de seguimiento aplicando criterios de calidad y riesgos en los planes, programas y proyectos | H71: BP07 | M71: BP07
B72: Criterios de verificación | C72: Fuentes de verificación | D72: Medición 1 | E72: Medición 2 | F72: Medición 3 | I72: Medición 1 | J72: Medición 2 | K72: Medición 3 | M72: Medición 1 | N72: Medición 2 | O72: Medición 3
D73: ¿Cumple con el criterio? | E73: ¿Cumple con el criterio? | F73: ¿Cumple con el criterio? | H73: Nivel de importancia del criterio | I73: Puntaje según cumplimiento del criterio | J73: Puntaje según cumplimiento del criterio | K73: Puntaje según cumplimiento del criterio | L73: Puntaje máximo posible de la buena práctica (considera solo los criterios considerados como aplicables) | M73: =SUMIFS(H74:H82,D74:D82,"<9") -> 0 | N73: =SUMIFS(H74:H82,E74:E82,"<9") -> 0 | O73: =SUMIFS(H74:H82,F74:F82,"<9") -> 0
B74: 7.1 La institución ubica el área de seguimiento en el nivel gerencial o de órgano de asesoría de la estructura organizacional, que lidera los procesos a su cargo, asegurando independencia, relevancia, y transparencia. | C74: Organigrama de la institución, ROF o MOF. | H74: 2 | I74: =D74*$H74 -> 0 | J74: =E74*$H74 -> 0 | K74: =F74*$H74 -> 0 | L74: Puntaje obtenido en la buena práctica | M74: =SUMIFS(I74:I82,D74:D82,"<9") -> 0 | N74: =SUMIFS(J74:J82,E74:E82,"<9") -> 0 | O74: =SUMIFS(K74:K82,F74:F82,"<9") -> 0
B75: 7.2 La institución cuenta con políticas, lineamientos, normas técnicas y procedimientos -específicos de cumplimiento obligatorio y alineadas a la normativa emitida por el órgano rector- para orientar los procesos de seguimiento. Nota aclaratoria: Las normas técnicas deben proceder del órgano rector y pueden ser desarrolladas por la institución o tomadas y adaptadas de otras instituciones, debiendo estar alineadas a las políticas institucionales. | C75: Manual de procedimientos que se vinculen al seguimiento de planes, programas y proyectos de desarrollo, ROF, MOF o documento similar que explicita las pautas para la función de seguimiento. | H75: 2 | I75: =D75*$H75 -> 0 | J75: =E75*$H75 -> 0 | K75: =F75*$H75 -> 0 | L75: % de avance de la buena práctica | M75: =IFERROR(M74/M73,"No aplica") -> No aplica | N75: =IFERROR(N74/N73,"No Aplica") -> No Aplica | O75: =IFERROR(O74/O73,"No Aplica") -> No Aplica
B76: 7.3 El área de seguimiento cuenta con objetivos claramente definidos, que permiten asegurar la producción, socialización y difusión oportuna de la información. Nota aclaratoria: Se considera que los objetivos se encuentran claramente definidos cuando por lo menos son alcanzables y medibles para el periodo establecido. | C76: Manual de procedimientos que considera al seguimiento de planes, programas y proyectos de desarrollo, ROF, MOF, o documento similar que explicite los objetivos del área. | H76: 2 | I76: =D76*$H76 -> 0 | J76: =E76*$H76 -> 0 | K76: =F76*$H76 -> 0
B77: 7.4 El área de seguimiento cuenta con recursos para alcanzar los objetivos establecidos. Nota aclaratoria: Son recursos: Presupuesto, Personal, Infraestructura y Equipamiento. Puede tomarse en cuenta la apreciación de los integrantes del ámbito para la determinación del cumplimiento del criterio. Para el caso del personal, considerar el tipo de contratación. | C77: Plan Operativo Anual e informes anuales, o documento similar en los cuales se presenta el logro de objetivos del área. ROF, MOF, Cuadro de Asignación de Personal (CAP) o cuadro de recursos humanos. | H77: 2 | I77: =D77*$H77 -> 0 | J77: =E77*$H77 -> 0 | K77: =F77*$H77 -> 0
B78: 7.5 El área de seguimiento o la institución tiene funciones relacionadas con el seguimiento de riesgos de los programas y proyectos que implementa. Nota aclaratoria: Riesgos son los cambios internos y externos a la institución y al programa y proyecto o los riesgos a nivel estratégico, operativo y del programa y proyecto. | C78: Manual de procedimientos que se vinculen al seguimiento de planes, programas y proyectos de desarrollo, ROF, MOF o documento similar que explicita las pautas para la función de seguimiento. | H78: 1.5 | I78: =D78*$H78 -> 0 | J78: =E78*$H78 -> 0 | K78: =F78*$H78 -> 0
B79: 7.6 El área o la institución da seguimiento a la calidad del programa y proyecto, relacionada con la satisfacción del ciudadano/ usuario de los servicios. Nota aclaratoria: Por lo menos da seguimiento al cumplimiento de los criterios de la calidad del programa y proyecto. | C79: Plan de seguimiento que incluye los criterios de calidad. +POA. | H79: 1 | I79: =D79*$H79 -> 0 | J79: =E79*$H79 -> 0 | K79: =F79*$H79 -> 0
B80: 7.7. El área o la institución da seguimiento a los riesgos de los programas y proyectos. | C80: Plan de seguimiento que incluye los riesgos o supuestos. + POA. | H80: 1 | I80: =D80*$H80 -> 0 | J80: =E80*$H80 -> 0 | K80: =F80*$H80 -> 0
B81: 7.8 La institución establece los mecanismos internos para proveer la información al área de seguimiento. Nota aclaratoria: Los mecanismos establecidos incluyen a todas las áreas de la institución y a los programas y proyectos. | C81: Lineamientos, normas, procesos establecidos. | H81: 2 | I81: =D81*$H81 -> 0 | J81: =E81*$H81 -> 0 | K81: =F81*$H81 -> 0
B82: 7.9 La institución elabora informes de cierre de los programas y proyectos, explicitando lecciones aprendidas, buenas prácticas, experiencias exitosas y recomendaciones. Nota aclaratoria: Considerar que, para la elaboración del informe de cierre, la institución debe tener un área responsable y deben participar las diferentes áreas involucradas en los programas y proyectos, según corresponda. | C82: Informe de cierre del programa o proyecto, según corresponda, que incluye las lecciones aprendidas, buenas prácticas, experiencias exitosas y recomendaciones. | H82: 1.5 | I82: =D82*$H82 -> 0 | J82: =E82*$H82 -> 0 | K82: =F82*$H82 -> 0
B83: Comentarios:
B85: BP08: La institución cuenta con un Plan de Seguimiento y Evaluación (S&E) actualizado, del PEI o documentos similares y con indicadores para el seguimiento y evaluación, incorporando criterios de calidad (específico, medible, alcanzable), relevante, a tiempo/ oportuno) y riesgos. | H85: BP08 | M85: BP08
B86: Criterios de verificación | C86: Fuentes de verificación | D86: Medición 1 | E86: Medición 2 | F86: Medición 3 | I86: Medición 1 | J86: Medición 2 | K86: Medición 3 | M86: Medición 1 | N86: Medición 2 | O86: Medición 3
D87: ¿Cumple con el criterio? | E87: ¿Cumple con el criterio? | F87: ¿Cumple con el criterio? | H87: Nivel de importancia del criterio | I87: Puntaje según cumplimiento del criterio | J87: Puntaje según cumplimiento del criterio | K87: Puntaje según cumplimiento del criterio | L87: Puntaje máximo posible de la buena práctica (considera solo los criterios considerados como aplicables) | M87: =SUMIFS(H88:H94,D88:D94,"<9") -> 0 | N87: =SUMIFS(H88:H94,E88:E94,"<9") -> 0 | O87: =SUMIFS(H88:H94,F88:F94,"<9") -> 0
B88: 8.1 La institución cuenta con un Plan de S&E articulado al PEI o documento similar para medir el logro de los objetivos y metas establecidas. | C88: Plan de seguimiento y evaluación del PEI o de documento similar. | H88: 2 | I88: =D88*$H88 -> 0 | J88: =E88*$H88 -> 0 | K88: =F88*$H88 -> 0 | L88: Puntaje obtenido en la buena práctica | M88: =SUMIFS(I88:I94,D88:D94,"<9") -> 0 | N88: =SUMIFS(J88:J94,E88:E94,"<9") -> 0 | O88: =SUMIFS(K88:K94,F88:F94,"<9") -> 0
B89: 8.2 En el Plan de S&E se establecen indicadores para todos los niveles de objetivos- de acuerdo a la guía elaborada por CEPLAN y son medidos periódicamente. Nota Aclaratoria: Los indicadores deben ser específicos, relevantes, medibles, realizables y temporales. Además, deben estar ubicados de acuerdo a la cadena de resultados (nivel de objetivos) correspondiente. En el caso de instituciones públicas, considerar los criterios establecidos por CEPLAN y en el caso de organizaciones no gubernamentales, los criterios institucionales y los que considere apropiados. | C89: Plan de seguimiento y evaluación del PEI o de documento similar. | H89: 2 | I89: =D89*$H89 -> 0 | J89: =E89*$H89 -> 0 | K89: =F89*$H89 -> 0 | L89: % de avance de la buena práctica | M89: =IFERROR(M88/M87,"No aplica") -> No aplica | N89: =IFERROR(N88/N87,"No Aplica") -> No Aplica | O89: =IFERROR(O88/O87,"No Aplica") -> No Aplica
B90: 8.3 Los indicadores del Plan de S&E se describen en fichas técnicas que incluyen su definición, modo de cálculo, la frecuencia de recojo de información, fuentes y medios de verificación, su frecuencia de reporte y sus valores de línea de base. | C90: Plan de seguimiento y evaluación del PEI o documento similar y las fichas técnicas de los indicadores. | H90: 2 | I90: =D90*$H90 -> 0 | J90: =E90*$H90 -> 0 | K90: =F90*$H90 -> 0
B91: 8.4 El Plan de S&E describe las necesidades de información de los diferentes usuarios de la información y en él se establecen los responsables de proveer los datos e información requeridos. | C91: Plan de seguimiento y evaluación del PEI o documento similar. | H91: 2 | I91: =D91*$H91 -> 0 | J91: =E91*$H91 -> 0 | K91: =F91*$H91 -> 0
B92: 8.5 La institución elabora reportes de seguimiento sobre el avance en los objetivos del PEI o documento similar, incorporando recomendaciones. | C92: Reportes de seguimiento del PEI, informes o de documento similar. | H92: 1.5 | I92: =D92*$H92 -> 0 | J92: =E92*$H92 -> 0 | K92: =F92*$H92 -> 0
B93: 8.6 El Plan de S&E del PEI incluye indicadores relacionados con los enfoques transversales utilizados. Nota aclaratoria: enfoque de género, derechos humanos, interculturalidad, generacional, medio ambiente y desarrollo sostenible, entre otros. | C93: Plan de seguimiento y evaluación del PEI o de documento similar. | H93: 1.5 | I93: =D93*$H93 -> 0 | J93: =E93*$H93 -> 0 | K93: =F93*$H93 -> 0
B94: 8.7 La institución realiza el seguimiento a la ejecución presupuestal -a través del área de planificación y presupuesto- y proporciona información al área de seguimiento para realizar sus funciones | C94: Reportes de seguimiento del PEI o documento similar y reporte de ejecución presupuestal. | H94: 2 | I94: =D94*$H94 -> 0 | J94: =E94*$H94 -> 0 | K94: =F94*$H94 -> 0
B95: Comentarios:
B97: BP09: La institución diseña e implementa un Plan de S&E de cada uno de los programas y proyectos, estableciendo en ellos, indicadores para el seguimiento y evaluación, incorporando criterios de calidad (específico, medible, alcanzable), relevante, a tiempo/ oportuno) y riesgos. | H97: BP09 | M97: BP09
B98: Criterios de verificación | C98: Fuentes de verificación | D98: Medición 1 | E98: Medición 2 | F98: Medición 3 | I98: Medición 1 | J98: Medición 2 | K98: Medición 3 | M98: Medición 1 | N98: Medición 2 | O98: Medición 3
D99: ¿Cumple con el criterio? | E99: ¿Cumple con el criterio? | F99: ¿Cumple con el criterio? | H99: Nivel de importancia del criterio | I99: Puntaje según cumplimiento del criterio | J99: Puntaje según cumplimiento del criterio | K99: Puntaje según cumplimiento del criterio | L99: Puntaje máximo posible de la buena práctica (considera solo los criterios considerados como aplicables) | M99: =SUMIFS(H100:H109,D100:D109,"<9") -> 0 | N99: =SUMIFS(H100:H109,E100:E109,"<9") -> 0 | O99: =SUMIFS(H100:H109,F100:F109,"<9") -> 0
B100: 9.1 Cada programa y proyecto cuenta con un Plan de S&E para medir y verificar el logro de sus objetivos y metas. | C100: Plan S&E de cada programas o proyecto según corresponda. | H100: 2 | I100: =D100*$H100 -> 0 | J100: =E100*$H100 -> 0 | K100: =F100*$H100 -> 0 | L100: Puntaje obtenido en la buena práctica | M100: =SUMIFS(I100:I109,D100:D109,"<9") -> 0 | N100: =SUMIFS(J100:J109,E100:E109,"<9") -> 0 | O100: =SUMIFS(K100:K109,F100:F109,"<9") -> 0
B101: 9.2 Los Planes de S&E incluyen indicadores para todos los niveles de objetivos- los cuales cumplen con los lineamientos establecidos por CEPLAN - y son medidos periódicamente. Nota Aclaratoria: Los indicadores deben ser específicos, relevantes, medibles, realizables y temporales. Además, deben estar ubicados de acuerdo con la cadena de resultados (nivel de objetivos) correspondiente. En el caso de instituciones públicas, considerar los criterios establecidos por CEPLAN y en el caso de organizaciones no gubernamentales, los criterios institucionales y los que considere apropiados. | C101: Plan S&E de cada programa o proyecto según corresponda. | H101: 2 | I101: =D101*$H101 -> 0 | J101: =E101*$H101 -> 0 | K101: =F101*$H101 -> 0 | L101: % de avance de la buena práctica | M101: =IFERROR(M100/M99,"No aplica") -> No aplica | N101: =IFERROR(N100/N99,"No Aplica") -> No Aplica | O101: =IFERROR(O100/O99,"No Aplica") -> No Aplica
B102: 9.3 Los indicadores de los Planes de S&E consideran la definición, su modo de cálculo, la frecuencia de recojo de información, fuentes de verificación, su frecuencia de reporte y sus valores de línea de base. | C102: Plan S&E de cada programa o proyecto según corresponda. | H102: 2 | I102: =D102*$H102 -> 0 | J102: =E102*$H102 -> 0 | K102: =F102*$H102 -> 0
B103: 9.4 Los Planes de S&E describen las necesidades de información de los diferentes usuarios y en ellos se establecen los responsables de proveer los datos e información requeridos. | C103: Plan S&E de cada programa o proyecto según corresponda. | H103: 2 | I103: =D103*$H103 -> 0 | J103: =E103*$H103 -> 0 | K103: =F103*$H103 -> 0
B104: 9.5 Los Planes de S&E incluyen indicadores en función a los enfoques transversales de desarrollo utilizados. Nota aclaratoria: Enfoques de género, derechos humanos, interculturalidad, generacional, medio ambiente y desarrollo sostenible, entre otros. | C104: Plan S&E de cada programa o proyecto, según corresponda, y las Fichas técnicas de los indicadores. | H104: 1.5 | I104: =D104*$H104 -> 0 | J104: =E104*$H104 -> 0 | K104: =F104*$H104 -> 0
B105: 9.6 La institución da seguimiento a la ejecución presupuestal de los programas y proyectos -a través del área de planificación y presupuesto- y proporciona información al área de seguimiento para realizar sus funciones. | C105: Plan S&E de cada programa o proyecto, según corresponda (mapeo de actores, necesidades de información o flujogramas). Reportes | H105: 1.5 | I105: =D105*$H105 -> 0 | J105: =E105*$H105 -> 0 | K105: =F105*$H105 -> 0
B106: 9.7 La institución elabora reportes de seguimiento sobre el avance de los procesos (actividades) y de los objetivos de cada programas y proyecto, incorporando recomendaciones y lecciones aprendidas, buenas prácticas o experiencias exitosas. | C106: Plan S&E de cada programa o proyecto, según corresponda. Reportes | H106: 1.5 | I106: =D106*$H106 -> 0 | J106: =E106*$H106 -> 0 | K106: =F106*$H106 -> 0
B107: 9.8 La institución utiliza Tecnologías de Información y Comunicación (TIC) para el seguimiento. Nota aclaratoria: Incluye las TIC para la recolección de datos, procesamiento y presentación de resultados, por ejemplo: - Informática: Sistemas informáticos, bases de datos u hojas de cálculo o programas de presentación. - Telemática: Correo electrónico o audio conferencias o video conferencias o espacios web. | C107: Reportes de seguimiento del programa o proyecto, según corresponda. | H107: 1.5 | I107: =D107*$H107 -> 0 | J107: =E107*$H107 -> 0 | K107: =F107*$H107 -> 0
B108: 9.9 Los planes de S&E incorporan criterios de calidad de los programas y proyectos, la cual está referida a la satisfacción del ciudadano/ usuario de los servicios. | C108: Plan S&E de cada programa o proyecto según corresponda. | H108: 1 | I108: =D108*$H108 -> 0 | J108: =E108*$H108 -> 0 | K108: =F108*$H108 -> 0
B109: 9.10 Los planes de S&E incorporan criterios de riesgos de los programas y proyectos. | C109: Plan S&E de cada programa o proyecto según corresponda. | H109: 1 | I109: =D109*$H109 -> 0 | J109: =E109*$H109 -> 0 | K109: =F109*$H109 -> 0
B110: Comentarios:
B112: BP10: La institución diseña e implementa un sistema de información en apoyo a la gestión y toma de decisiones. Nota aclaratoria: Entiéndase como sistema de información a los procesos de "recolección de datos y sistemas continuos, generalmente computarizado, que proporciona información periódica a los niveles gerenciales sobre los insumos, las actividades y los resultados del programa y proyecto según corresponda" (Horton et al. 1993-229) | H112: BP10 | M112: BP10
...

Sheet Resultados
C1: DESEMPEÑO INSTITUCIONAL BASADO EN BUENAS PRÁCTICAS (BP)
C3: Tabla 1. Desempeño institucional
C4: Medición 1 | D4: Medición 2 | E4: Medición 3
C5: =IFERROR((AVERAGE(I19:I38)),0) -> 0 | D5: =IFERROR((AVERAGE(P19:P38)),0) -> 0 | E5: =IFERROR((AVERAGE(W19:W38)),0) -> 0
C7: Tabla 2. Desempeño institucional según funciones
C8: Medición 1 | D8: Medición 2 | E8: Medición 3
B9: Planificación | C9: =IFERROR((AVERAGE(I19:I24)),0) -> 0 | D9: =IFERROR((AVERAGE(P19:P24)),0) -> 0 | E9: =IFERROR((AVERAGE(W19:W24)),0) -> 0
B10: Seguimiento | C10: =IFERROR((AVERAGE(I25:I28)),0) -> 0 | D10: =IFERROR((AVERAGE(P25:P28)),0) -> 0 | E10: =IFERROR((AVERAGE(W25:W28)),0) -> 0
B11: Evaluación | C11: =IFERROR((AVERAGE(I29:I31)),0) -> 0 | D11: =IFERROR((AVERAGE(P29:P31)),0) -> 0 | E11: =IFERROR((AVERAGE(W29:W31)),0) -> 0
B12: Gestión del conocimiento | C12: =IFERROR((AVERAGE(I32:I36)),0) -> 0 | D12: =IFERROR((AVERAGE(P32:P36)),0) -> 0 | E12: =IFERROR((AVERAGE(W32:W36)),0) -> 0
B13: Principios y valores éticos | C13: =IFERROR((AVERAGE(I37:I38)),0) -> 0 | D13: =IFERROR((AVERAGE(P37:P38)),0) -> 0 | E13: =IFERROR((AVERAGE(W37:W38)),0) -> 0
A16: Tabla 3. Resultados por buenas prácticas
A17: RESULTADOS POR BUENAS PRÁCTICAS (BP) | C17: MEDICIÓN 1 | K17: MEDICION 2 | R17: MEDICION 3
A18: FUNCIÓN | B18: BUENAS PRÁCTICAS | C18: N° de criterios que contiene la BP | D18: N° de criterios NO aplicables a la institución | E18: N° de criterios aplicables a la institución | F18: N° de criterios que SI cumple la institución | G18: Puntaje máximo posible de la BP (A) (solo criterios aplicables) | H18: Puntaje obtenido en la BP (B) | I18: Avance de la BP (B/A) | K18: N° de criterios NO aplicables a la institución | L18: N° de criterios aplicables a la institución | M18: N° de criterios que SI cumple la institución | N18: Puntaje máximo posible de la BP (A) (solo criterios aplicables) | O18: Puntaje obtenido en la BP (B) | P18: Avance de la BP (B/A) | R18: N° de criterios NO aplicables a la institución | S18: N° de criterios aplicables a la institución | T18: N° de criterios que SI cumple la institución | U18: Puntaje máximo posible de la BP (A) (solo criterios aplicables) | V18: Puntaje obtenido en la BP (B) | W18: Avance de la BP (B/A)
A19: Planificación | B19: BP01: La institución cuenta con un área que realiza la función de planificación de planes, programas y proyectos, considerando criterios de calidad y de riesgos. | C19: 5 | D19: =COUNTIF(Medicion!D12:D16,"=9") -> 0 | E19: =C19-D19 -> 5 | F19: =COUNTIF(Medicion!D12:D16,"=1") -> 0 | G19: =+Medicion!M11 -> 0 | H19: =+Medicion!M12 -> 0 | I19: =+Medicion!M13 -> No aplica | K19: =COUNTIF(Medicion!E12:E16,"=9") -> 0 | L19: =C19-K19 -> 5 | M19: =COUNTIF(Medicion!E12:E16,"=1") -> 0 | N19: =Medicion!N11 -> 0 | O19: =Medicion!N12 -> 0 | P19: =Medicion!N13 -> No Aplica | R19: =COUNTIF(Medicion!F12:F16,"=9") -> 0 | S19: =C19-R19 -> 5 | T19: =COUNTIF(Medicion!F12:F16,"=1") -> 0 | U19: =+Medicion!O11 -> 0 | V19: =+Medicion!O12 -> 0 | W19: =+Medicion!O13 -> No Aplica
B20: BP02: La institución formula y difunde el Plan de Desarrollo Concertado Regional Concertado (PDRC) o documento similar, según los lineamientos del ente rector. | C20: 3 | D20: =COUNTIF(Medicion!D22:D24,"=9") -> 0 | E20: =C20-D20 -> 3 | F20: =COUNTIF(Medicion!D22:D24,"=1") -> 0 | G20: =+Medicion!M21 -> 0 | H20: =+Medicion!M22 -> 0 | I20: =+Medicion!M23 -> No aplica | K20: =COUNTIF(Medicion!E22:E24,"=9") -> 0 | L20: =C20-K20 -> 3 | M20: =COUNTIF(Medicion!E22:E24,"=1") -> 0 | N20: =Medicion!N21 -> 0 | O20: =Medicion!N22 -> 0 | P20: =Medicion!N23 -> No Aplica | R20: =COUNTIF(Medicion!F22:F24,"=9") -> 0 | S20: =C20-R20 -> 3 | T20: =COUNTIF(Medicion!F22:F24,"=1") -> 0 | U20: =+Medicion!O21 -> 0 | V20: =+Medicion!O22 -> 0 | W20: =+Medicion!O23 -> No Aplica
B21: BP03: La Institución cuenta con un Plan Estratégico Institucional (PEI), o documento similar, articulado a las políticas del Estado | C21: 6 | D21: =COUNTIF(Medicion!D30:D35,"=9") -> 0 | E21: =C21-D21 -> 6 | F21: =COUNTIF(Medicion!D30:D35,"=1") -> 0 | G21: =+Medicion!M29 -> 0 | H21: =+Medicion!M30 -> 0 | I21: =+Medicion!M31 -> No aplica | K21: =COUNTIF(Medicion!E30:E35,"=9") -> 0 | L21: =C21-K21 -> 6 | M21: =COUNTIF(Medicion!E30:E35,"=1") -> 0 | N21: =Medicion!N29 -> 0 | O21: =Medicion!N30 -> 0 | P21: =Medicion!N31 -> No Aplica | R21: =COUNTIF(Medicion!F30:F35,"=9") -> 0 | S21: =C21-R21 -> 6 | T21: =COUNTIF(Medicion!F30:F35,"=1") -> 0 | U21: =+Medicion!O29 -> 0 | V21: =+Medicion!O30 -> 0 | W21: =+Medicion!O31 -> No Aplica
B22: BP04: La institución elabora e implementa un Plan Operativo Institucional (POI) u otro documento similar, articulado al PEI, las políticas y planes nacionales, u otros instrumentos de planificación para el logro de resultados. | C22: 2 | D22: =COUNTIF(Medicion!D41:D42,"=9") -> 0 | E22: =C22-D22 -> 2 | F22: =COUNTIF(Medicion!D41:D42,"=1") -> 0 | G22: =+Medicion!M40 -> 0 | H22: =+Medicion!M41 -> 0 | I22: =+Medicion!M42 -> No aplica | K22: =COUNTIF(Medicion!E41:E42,"=9") -> 0 | L22: =C22-K22 -> 2 | M22: =COUNTIF(Medicion!E41:E42,"=1") -> 0 | N22: =Medicion!N40 -> 0 | O22: =Medicion!N41 -> 0 | P22: =Medicion!N42 -> No Aplica | R22: =COUNTIF(Medicion!F41:F42,"=9") -> 0 | S22: =C22-R22 -> 2 | T22: =COUNTIF(Medicion!F41:F42,"=1") -> 0 | U22: =+Medicion!O40 -> 0 | V22: =+Medicion!O41 -> 0 | W22: =+Medicion!O42 -> No Aplica
B23: BP05: La institución formula e implementa Programas y Proyectos a partir del Plan Estratégico (PEI) o planes sectoriales o territoriales, documento similar, según la naturaleza de la institución. | C23: 9 | D23: =COUNTIF(Medicion!D48:D56,"=9") -> 0 | E23: =C23-D23 -> 9 | F23: =COUNTIF(Medicion!D48:D56,"=1") -> 0 | G23: =+Medicion!M47 -> 0 | H23: =+Medicion!M48 -> 0 | I23: =+Medicion!M49 -> No aplica | K23: =COUNTIF(Medicion!E48:E56,"=9") -> 0 | L23: =C23-K23 -> 9 | M23: =COUNTIF(Medicion!E48:E56,"=1") -> 0 | N23: =Medicion!N47 -> 0 | O23: =Medicion!N48 -> 0 | P23: =Medicion!N49 -> No Aplica | R23: =COUNTIF(Medicion!F48:F56,"=9") -> 0 | S23: =C23-R23 -> 9 | T23: =COUNTIF(Medicion!F48:F56,"=1") -> 0 | U23: =+Medicion!O47 -> 0 | V23: =+Medicion!O48 -> 0 | W23: =+Medicion!O49 -> No Aplica
B24: BP06: La institución elabora Planes de trabajo anuales o Plan Operativo Anual (POA) para cada programa y proyecto que implementa, los cuales están alineados al Plan Estratégico Institucional o documento similar y al presupuesto, según corresponda. | C24: 7 | D24: =COUNTIF(Medicion!D62:D68,"=9") -> 0 | E24: =C24-D24 -> 7 | F24: =COUNTIF(Medicion!D62:D68,"=1") -> 0 | G24: =+Medicion!M61 -> 0 | H24: =+Medicion!M62 -> 0 | I24: =+Medicion!M63 -> No aplica | K24: =COUNTIF(Medicion!E62:E68,"=9") -> 0 | L24: =C24-K24 -> 7 | M24: =COUNTIF(Medicion!E62:E68,"=1") -> 0 | N24: =Medicion!N61 -> 0 | O24: =Medicion!N62 -> 0 | P24: =Medicion!N63 -> No Aplica | R24: =COUNTIF(Medicion!F62:F68,"=9") -> 0 | S24: =C24-R24 -> 7 | T24: =COUNTIF(Medicion!F62:F68,"=1") -> 0 | U24: =+Medicion!O61 -> 0 | V24: =+Medicion!O62 -> 0 | W24: =+Medicion!O63 -> No Aplica
A25: Seguimiento | B25: BP07: La institución cuenta con un área que realiza la función de seguimiento aplicando criterios de calidad y riesgos en los planes, programas y proyectos | C25: 9 | D25: =COUNTIF(Medicion!D74:D82,"=9") -> 0 | E25: =C25-D25 -> 9 | F25: =COUNTIF(Medicion!D74:D82,"=1") -> 0 | G25: =+Medicion!M73 -> 0 | H25: =+Medicion!M74 -> 0 | I25: =+Medicion!M75 -> No aplica | K25: =COUNTIF(Medicion!E74:E82,"=9") -> 0 | L25: =C25-K25 -> 9 | M25: =COUNTIF(Medicion!E74:E82,"=1") -> 0 | N25: =Medicion!N73 -> 0 | O25: =Medicion!N74 -> 0 | P25: =Medicion!N75 -> No Aplica | R25: =COUNTIF(Medicion!F74:F82,"=9") -> 0 | S25: =C25-R25 -> 9 | T25: =COUNTIF(Medicion!F74:F82,"=1") -> 0 | U25: =+Medicion!O73 -> 0 | V25: =+Medicion!O74 -> 0 | W25: =+Medicion!O75 -> No Aplica
B26: BP08: La institución cuenta con un Plan de Seguimiento y Evaluación (S&E) actualizado, del PEI o documentos similares y con indicadores para el seguimiento y evaluación, incorporando criterios de calidad (específico, medible, alcanzable), relevante, a tiempo/ oportuno) y riesgos. | C26: 7 | D26: =COUNTIF(Medicion!D88:D94,"=9") -> 0 | E26: =C26-D26 -> 7 | F26: =COUNTIF(Medicion!D88:D94,"=1") -> 0 | G26: =+Medicion!M87 -> 0 | H26: =+Medicion!M88 -> 0 | I26: =+Medicion!M89 -> No aplica | K26: =COUNTIF(Medicion!E88:E94,"=9") -> 0 | L26: =C26-K26 -> 7 | M26: =COUNTIF(Medicion!E88:E94,"=1") -> 0 | N26: =Medicion!N87 -> 0 | O26: =Medicion!N88 -> 0 | P26: =Medicion!N89 -> No Aplica | R26: =COUNTIF(Medicion!F88:F94,"=9") -> 0 | S26: =C26-R26 -> 7 | T26: =COUNTIF(Medicion!F88:F94,"=1") -> 0 | U26: =+Medicion!O87 -> 0 | V26: =+Medicion!O88 -> 0 | W26: =+Medicion!O89 -> No Aplica
B27: BP09: La institución diseña e implementa un Plan de S&E de cada uno de los programas y proyectos, estableciendo en ellos, indicadores para el seguimiento y evaluación, incorporando criterios de calidad (específico, medible, alcanzable), relevante, a tiempo/ oportuno) y riesgos. | C27: 10 | D27: =COUNTIF(Medicion!D100:D109,"=9") -> 0 | E27: =C27-D27 -> 10 | F27: =COUNTIF(Medicion!D100:D109,"=1") -> 0 | G27: =+Medicion!M99 -> 0 | H27: =+Medicion!M100 -> 0 | I27: =+Medicion!M101 -> No aplica | K27: =COUNTIF(Medicion!E100:E109,"=9") -> 0 | L27: =C27-K27 -> 10 | M27: =COUNTIF(Medicion!E100:E109,"=1") -> 0 | N27: =Medicion!N99 -> 0 | O27: =Medicion!N100 -> 0 | P27: =Medicion!N101 -> No Aplica | R27: =COUNTIF(Medicion!F100:F109,"=9") -> 0 | S27: =C27-R27 -> 10 | T27: =COUNTIF(Medicion!F100:F109,"=1") -> 0 | U27: =+Medicion!O99 -> 0 | V27: =+Medicion!O100 -> 0 | W27: =+Medicion!O101 -> No Aplica
B28: BP10: La institución diseña e implementa un sistema de información en apoyo a la gestión y toma de decisiones. | C28: 9 | D28: =COUNTIF(Medicion!D115:D123,"=9") -> 0 | E28: =C28-D28 -> 9 | F28: =COUNTIF(Medicion!D115:D123,"=1") -> 0 | G28: =+Medicion!M114 -> 0 | H28: =+Medicion!M115 -> 0 | I28: =+Medicion!M116 -> No aplica | K28: =COUNTIF(Medicion!E115:E123,"=9") -> 0 | L28: =C28-K28 -> 9 | M28: =COUNTIF(Medicion!E115:E123,"=1") -> 0 | N28: =Medicion!N114 -> 0 | O28: =Medicion!N115 -> 0 | P28: =Medicion!N116 -> No Aplica | R28: =COUNTIF(Medicion!F115:F123,"=9") -> 0 | S28: =C28-R28 -> 9 | T28: =COUNTIF(Medicion!F115:F123,"=1") -> 0 | U28: =+Medicion!O114 -> 0 | V28: =+Medicion!O115 -> 0 | W28: =+Medicion!O116 -> No Aplica
A29: Evaluación | B29: BP11: La institución cuenta con un área que implementa la función de evaluación aplicando criterios de calidad de las evaluaciones de planes, programas y proyectos. | C29: 4 | D29: =COUNTIF(Medicion!D129:D132,"=9") -> 0 | E29: =C29-D29 -> 4 | F29: =COUNTIF(Medicion!D129:D132,"=1") -> 0 | G29: =+Medicion!M128 -> 0 | H29: =+Medicion!M129 -> 0 | I29: =+Medicion!M130 -> No aplica | K29: =COUNTIF(Medicion!E129:E132,"=9") -> 0 | L29: =C29-K29 -> 4 | M29: =COUNTIF(Medicion!E129:E132,"=1") -> 0 | N29: =Medicion!N128 -> 0 | O29: =Medicion!N129 -> 0 | P29: =Medicion!N130 -> No Aplica | R29: =COUNTIF(Medicion!F129:F132,"=9") -> 0 | S29: =C29-R29 -> 4 | T29: =COUNTIF(Medicion!F129:F132,"=1") -> 0 | U29: =+Medicion!O128 -> 0 | V29: =+Medicion!O129 -> 0 | W29: =+Medicion!O130 -> No Aplica
B30: BP12: La institución planifica el desarrollo de evaluaciones, de acuerdo con los estándares internacionales, nacionales o institucionales, identificados. | C30: 3 | D30: =COUNTIF(Medicion!D138:D140,"=9") -> 0 | E30: =C30-D30 -> 3 | F30: =COUNTIF(Medicion!D138:D140,"=1") -> 0 | G30: =+Medicion!M137 -> 0 | H30: =+Medicion!M138 -> 0 | I30: =+Medicion!M139 -> No aplica | K30: =COUNTIF(Medicion!E138:E140,"=9") -> 0 | L30: =C30-K30 -> 3 | M30: =COUNTIF(Medicion!E138:E140,"=1") -> 0 | N30: =Medicion!N137 -> 0 | O30: =Medicion!N138 -> 0 | P30: =Medicion!N139 -> No Aplica | R30: =COUNTIF(Medicion!F138:F140,"=9") -> 0 | S30: =C30-R30 -> 3 | T30: =COUNTIF(Medicion!F138:F140,"=1") -> 0 | U30: =+Medicion!O137 -> 0 | V30: =+Medicion!O138 -> 0 | W30: =+Medicion!O139 -> No Aplica
B31: BP13: La institución gestiona el desarrollo de evaluaciones de acuerdo con estándares pertinentes identificados por la institución, según su naturaleza. | C31: 6 | D31: =COUNTIF(Medicion!D146:D151,"=9") -> 0 | E31: =C31-D31 -> 6 | F31: =COUNTIF(Medicion!D146:D151,"=1") -> 0 | G31: =+Medicion!M145 -> 0 | H31: =+Medicion!M146 -> 0 | I31: =+Medicion!M147 -> No aplica | K31: =COUNTIF(Medicion!E146:E151,"=9") -> 0 | L31: =C31-K31 -> 6 | M31: =COUNTIF(Medicion!E146:E151,"=1") -> 0 | N31: =Medicion!N145 -> 0 | O31: =Medicion!N146 -> 0 | P31: =Medicion!N147 -> No Aplica | R31: =COUNTIF(Medicion!F146:F151,"=9") -> 0 | S31: =C31-R31 -> 6 | T31: =COUNTIF(Medicion!F146:F151,"=1") -> 0 | U31: =+Medicion!O145 -> 0 | V31: =+Medicion!O146 -> 0 | W31: =+Medicion!O147 -> No Aplica
A32: Gestión del conocimiento | B32: BP14: La institución cuenta con un área que realiza la función de gestión del conocimiento , desarrollando y aplicando políticas, normas y procedimientos pertinentes. | C32: 2 | D32: =COUNTIF(Medicion!D157:D158,"=9") -> 0 | E32: =C32-D32 -> 2 | F32: =COUNTIF(Medicion!D157:D158,"=1") -> 0 | G32: =+Medicion!M156 -> 0 | H32: =+Medicion!M157 -> 0 | I32: =+Medicion!M158 -> No aplica | K32: =COUNTIF(Medicion!E157:E158,"=9") -> 0 | L32: =C32-K32 -> 2 | M32: =COUNTIF(Medicion!E157:E158,"=1") -> 0 | N32: =Medicion!N156 -> 0 | O32: =Medicion!N157 -> 0 | P32: =Medicion!N158 -> No Aplica | R32: =COUNTIF(Medicion!F157:F158,"=9") -> 0 | S32: =C32-R32 -> 2 | T32: =COUNTIF(Medicion!F157:F158,"=1") -> 0 | U32: =+Medicion!O156 -> 0 | V32: =+Medicion!O157 -> 0 | W32: =+Medicion!O158 -> No Aplica
B33: BP15: La institución diseña e implementa un Plan de Gestión del Conocimiento (PGC) basado en sus políticas, normas o procedimientos, que aborda las etapas claves del ciclo de gestión del conocimiento, a partir de un análisis participativo de recursos y brechas de conocimiento. | C33: 6 | D33: =COUNTIF(Medicion!D164:D169,"=9") -> 0 | E33: =C33-D33 -> 6 | F33: =COUNTIF(Medicion!D164:D169,"=1") -> 0 | G33: =+Medicion!M163 -> 0 | H33: =+Medicion!M164 -> 0 | I33: =+Medicion!M165 -> No aplica | K33: =COUNTIF(Medicion!E164:E169,"=9") -> 0 | L33: =C33-K33 -> 6 | M33: =COUNTIF(Medicion!E164:E169,"=1") -> 0 | N33: =Medicion!N163 -> 0 | O33: =Medicion!N164 -> 0 | P33: =Medicion!N165 -> No Aplica | R33: =COUNTIF(Medicion!F164:F169,"=9") -> 0 | S33: =C33-R33 -> 6 | T33: =COUNTIF(Medicion!F164:F169,"=1") -> 0 | U33: =+Medicion!O163 -> 0 | V33: =+Medicion!O164 -> 0 | W33: =+Medicion!O165 -> No Aplica
B34: BP16: La institución cuenta con un plan de desarrollo de la personas (PDP) o documento similar que incluye estrategias y acciones orientadas a reducir las brechas de conocimientos sobre seguimiento, evaluación y gestión del conocimiento. | C34: 3 | D34: =COUNTIF(Medicion!D175:D177,"=9") -> 0 | E34: =C34-D34 -> 3 | F34: =COUNTIF(Medicion!D175:D177,"=1") -> 0 | G34: =+Medicion!M174 -> 0 | H34: =+Medicion!M175 -> 0 | I34: =+Medicion!M176 -> No aplica | K34: =COUNTIF(Medicion!E175:E177,"=9") -> 0 | L34: =C34-K34 -> 3 | M34: =COUNTIF(Medicion!E175:E177,"=1") -> 0 | N34: =Medicion!N174 -> 0 | O34: =Medicion!N175 -> 0 | P34: =Medicion!N176 -> No Aplica | R34: =COUNTIF(Medicion!F175:F177,"=9") -> 0 | S34: =C34-R34 -> 3 | T34: =COUNTIF(Medicion!F175:F177,"=1") -> 0 | U34: =+Medicion!O174 -> 0 | V34: =+Medicion!O175 -> 0 | W34: =+Medicion!O176 -> No Aplica
B35: BP17: La institución implementa activamente un sistema de gestión del conocimiento, -integrado al sistema de seguimiento, y evaluación- para obtener lecciones aprendidas y establecer mejores prácticas. | C35: 2 | D35: =COUNTIF(Medicion!D183:D184,"=9") -> 0 | E35: =C35-D35 -> 2 | F35: =COUNTIF(Medicion!D183:D184,"=1") -> 0 | G35: =+Medicion!M182 -> 0 | H35: =+Medicion!M183 -> 0 | I35: =+Medicion!M184 -> No aplica | K35: =COUNTIF(Medicion!E183:E184,"=9") -> 0 | L35: =C35-K35 -> 2 | M35: =COUNTIF(Medicion!E183:E184,"=1") -> 0 | N35: =Medicion!N182 -> 0 | O35: =Medicion!N183 -> 0 | P35: =Medicion!N184 -> No Aplica | R35: =COUNTIF(Medicion!F183:F184,"=9") -> 0 | S35: =C35-R35 -> 2 | T35: =COUNTIF(Medicion!F183:F184,"=1") -> 0 | U35: =+Medicion!O182 -> 0 | V35: =+Medicion!O183 -> 0 | W35: =+Medicion!O184 -> No Aplica
B36: BP18: La institución promueve el uso activo del conocimiento, para mejorar su desempeño. | C36: 3 | D36: =COUNTIF(Medicion!D190:D192,"=9") -> 0 | E36: =C36-D36 -> 3 | F36: =COUNTIF(Medicion!D190:D192,"=1") -> 0 | G36: =+Medicion!M189 -> 0 | H36: =+Medicion!M190 -> 0 | I36: =+Medicion!M191 -> No aplica | K36: =COUNTIF(Medicion!E190:E192,"=9") -> 0 | L36: =C36-K36 -> 3 | M36: =COUNTIF(Medicion!E190:E192,"=1") -> 0 | N36: =Medicion!N189 -> 0 | O36: =Medicion!N190 -> 0 | P36: =Medicion!N191 -> No Aplica | R36: =COUNTIF(Medicion!F190:F192,"=9") -> 0 | S36: =C36-R36 -> 3 | T36: =COUNTIF(Medicion!F190:F192,"=1") -> 0 | U36: =+Medicion!O189 -> 0 | V36: =+Medicion!O190 -> 0 | W36: =+Medicion!O191 -> No Aplica
A37: Principios y valores éticos | B37: BP19: La institución cuenta con un código de código de ética o documento similar que aplica para llevar adelante procesos transparentes de seguimiento, evaluación y uso de evidencias, respetando los derechos y la integridad de los participantes y grupos de interés relacionados. | C37: 4 | D37: =COUNTIF(Medicion!D198:D201,"=9") -> 0 | E37: =C37-D37 -> 4 | F37: =COUNTIF(Medicion!D198:D201,"=1") -> 0 | G37: =+Medicion!M197 -> 0 | H37: =+Medicion!M198 -> 0 | I37: =+Medicion!M199 -> No aplica | K37: =COUNTIF(Medicion!E198:E201,"=9") -> 0 | L37: =C37-K37 -> 4 | M37: =COUNTIF(Medicion!E198:E201,"=1") -> 0 | N37: =Medicion!N197 -> 0 | O37: =Medicion!N198 -> 0 | P37: =Medicion!N199 -> No Aplica | R37: =COUNTIF(Medicion!F198:F201,"=9") -> 0 | S37: =C37-R37 -> 4 | T37: =COUNTIF(Medicion!F198:F201,"=1") -> 0 | U37: =+Medicion!O197 -> 0 | V37: =+Medicion!O198 -> 0 | W37: =+Medicion!O199 -> No Aplica
B38: BP20: La institución cuenta con un comité de ética activo, encargado de proteger los derechos y el bienestar de las personas participantes en las actividades de S&E. | C38: 3 | D38: =COUNTIF(Medicion!D207:D209,"=9") -> 0 | E38: =C38-D38 -> 3 | F38: =COUNTIF(Medicion!D207:D209,"=1") -> 0 | G38: =+Medicion!M206 -> 0 | H38: =+Medicion!M207 -> 0 | I38: =+Medicion!M208 -> No aplica | K38: =COUNTIF(Medicion!E207:E209,"=9") -> 0 | L38: =C38-K38 -> 3 | M38: =COUNTIF(Medicion!E207:E209,"=1") -> 0 | N38: =Medicion!N206 -> 0 | O38: =Medicion!N207 -> 0 | P38: =Medicion!N208 -> No Aplica | R38: =COUNTIF(Medicion!F207:F209,"=9") -> 0 | S38: =C38-R38 -> 3 | T38: =COUNTIF(Medicion!F207:F209,"=1") -> 0 | U38: =+Medicion!O206 -> 0 | V38: =+Medicion!O207 -> 0 | W38: =+Medicion!O208 -> No Aplica
C39: =SUM(C19:C38) -> 103 | D39: =SUM(D19:D38) -> 0 | E39: =SUM(E19:E38) -> 103 | F39: =SUM(F19:F38) -> 0 | G39: =SUM(G19:G38) -> 0 | H39: =SUM(H19:H38) -> 0 | K39: =SUM(K19:K38) -> 0 | L39: =SUM(L19:L38) -> 103 | M39: =SUM(M19:M38) -> 0 | N39: =SUM(N19:N38) -> 0 | O39: =SUM(O19:O38) -> 0 | R39: =SUM(R19:R38) -> 0 | S39: =SUM(S19:S38) -> 103 | T39: =SUM(T19:T38) -> 0 | U39: =SUM(U19:U38) -> 0 | V39: =SUM(V19:V38) -> 0

Sheet Graficos
K2: Niveles de avance del desempeño | L2: Resultados del desempeño alcanzado
K4: Mínimo | L4: Desempeño del 60% o menos
K5: Intermedio | L5: Desempeño en más del 60% y menos del 80%
K6: Adecuado | L6: Desempeño del 80% a más
T11: BP01
T12: BP02
T13: BP03
T14: BP04
T15: BP05
T16: BP06
T17: BP07
T18: BP08
T19: BP09
T20: BP10
T21: BP11
T22: BP12
... T30: BP20
B33: Funciones | K33: Buenas Practicas | L33: Medición 1 | M33: Medición 2 | N33: Buenas Practicas | O33: Medición 1 | P33: Medición 2
K34: Planificación | N34: Evaluación
C35: Medición 1 | D35: Medición 2 | E35: Medición 3 | K35: BP01 | L35: =Resultados!I19 -> No aplica | M35: =Resultados!W19 -> No Aplica | N35: BP11 | O35: =Resultados!I29 -> No aplica | P35: =Resultados!W29 -> No Aplica
B36: =Resultados!B9 -> Planificación | C36: =Resultados!C9 -> 0 | D36: =Resultados!D9 -> 0 | E36: =Resultados!E9 -> 0 | K36: BP02 | L36: =Resultados!I20 -> No aplica | M36: =Resultados!W20 -> No Aplica | N36: BP12 | O36: =Resultados!I30 -> No aplica | P36: =Resultados!W30 -> No Aplica
B37: =Resultados!B10 -> Seguimiento | C37: =Resultados!C10 -> 0 | D37: =Resultados!D10 -> 0 | E37: =Resultados!E10 -> 0 | K37: BP03 | L37: =Resultados!I21 -> No aplica | M37: =Resultados!W21 -> No Aplica | N37: BP13 | O37: =Resultados!I31 -> No aplica | P37: =Resultados!W31 -> No Aplica
B38: =Resultados!B11 -> Evaluación | C38: =Resultados!C11 -> 0 | D38: =Resultados!D11 -> 0 | E38: =Resultados!E11 -> 0 | K38: BP04 | L38: =Resultados!I22 -> No aplica | M38: =Resultados!W22 -> No Aplica | N38: Gestión del conocimiento
B39: =Resultados!B12 -> Gestión del conocimiento | C39: =Resultados!C12 -> 0 | D39: =Resultados!D12 -> 0 | E39: =Resultados!E12 -> 0 | K39: BP05 | L39: =Resultados!I23 -> No aplica | M39: =Resultados!W23 -> No Aplica | N39: BP14 | O39: =Resultados!I32 -> No aplica | P39: =Resultados!W32 -> No Aplica
B40: =Resultados!B13 -> Principios y valores éticos | C40: =Resultados!C13 -> 0 | D40: =Resultados!D13 -> 0 | E40: =Resultados!E13 -> 0 | K40: BP06 | L40: =Resultados!I24 -> No aplica | M40: =Resultados!W24 -> No Aplica | N40: BP15 | O40: =Resultados!I33 -> No aplica | P40: =Resultados!W33 -> No Aplica
N41: BP16 | O41: =Resultados!I34 -> No aplica | P41: =Resultados!W34 -> No Aplica
K42: Seguimiento | N42: BP17 | O42: =Resultados!I35 -> No aplica | P42: =Resultados!W35 -> No Aplica
K43: BP07 | L43: =Resultados!I25 -> No aplica | M43: =Resultados!W25 -> No Aplica | N43: BP18 | O43: =Resultados!I36 -> No aplica | P43: =Resultados!W36 -> No Aplica
B44: BP02 | K44: BP08 | L44: =Resultados!I26 -> No aplica | M44: =Resultados!W26 -> No Aplica | N44: Principios y valores éticos
B45: BP03 | K45: BP09 | L45: =Resultados!I27 -> No aplica | M45: =Resultados!W27 -> No Aplica | N45: BP19 | O45: =Resultados!I37 -> No aplica | P45: =Resultados!W37 -> No Aplica
B46: BP04 | K46: BP10 | L46: =Resultados!I28 -> No aplica | M46: =Resultados!W28 -> No Aplica | N46: BP20 | O46: =Resultados!I38 -> No aplica | P46: =Resultados!W38 -> No Aplica
B47: BP05
B48: BP06
B49: BP07
B50: BP08
B51: BP09
B52: BP10
B53: BP11
B54: BP12
B55: BP13
B56: BP14
